AoeStats
← Marta

African Clearing

510640455Analyzed
4v4 RM · 2d ago on Oct 1, 2026· 63m 32s· 8 players
Game mode
Random Map
Map size
Large (8 player)
Population
200
Speed
Normal
Resources
Standard
Victory
Conquest
Starting age
Dark Age
Ending age
Imperial Age
RankedLock teamsTeams togetherTeam positionsShared explorationLock speedFull tech treeHidden civsTurbo modeCheats
Victory
Defeat
🇲🇽 Maya · Mexico
1285
+14
🇻🇳 Cumans · Vietnam
1246
+16
🇦🇷 Mongols · Argentina
1201
+18
🇦🇷 Saxons · Argentina
1191
+18
🇵🇹 Khmer · Portugal
1280
-18
🇩🇪 Varangians · Germany
1257
-17
🇩🇪 Poles · Germany
1233
-16
🇺🇸 Khmer · United States
1211
-15
Thunder
5:47 Loom
13:47 Feudal Age
18:16 Castle Age
22:25 Horse Collar
23:27 Double-Bit Axe
28:26 Wheelbarrow
29:07 Bow Saw
28:59 Heavy Plow
28:53 Gold Mining
33:38 Hand Cart
35:43 Gold Shaft Mining
36:31 Stone Mining
38:08 Stone Shaft Mining
40:49 Imperial Age
41:18 Bloodlines
41:09 Husbandry
41:54 Conscription
42:07 Double Crossbow
44:26 Chemistry
43:47 Ballistics
43:35 Scale Barding Armor
43:29 Elite Ballista Elephant
45:25 Chain Barding Armor
48:05 Plate Barding Armor
4♚Dreams
9:10 Loom
14:04 Feudal Age
14:46 Horse Collar
14:55 Double-Bit Axe
18:44 Wheelbarrow
20:29 Scale Barding Armor
20:35 Forging
25:28 Castle Age
24:35 Bloodlines
27:45 Husbandry
29:03 Heavy Plow
30:50 Szlachta Privileges
31:27 Gold Mining
32:27 Bow Saw
34:58 Chain Barding Armor
35:23 Iron Casting
36:19 Hand Cart
35:53 Man-at-Arms
36:35 Squires
38:53 Long Swordsman
42:24 Imperial Age
41:17 Town Watch
43:33 Conscription
42:38 Cavalier
44:24 Blast Furnace
43:25 Scale Mail Armor
42:47 Two-Handed Swordsman
44:05 Crop Rotation
BondTrustee
6:28 Loom
14:00 Feudal Age
15:28 Double-Bit Axe
18:20 Castle Age
18:33 Forging
20:07 Scale Mail Armor
23:13 Squires
25:59 Fletching
29:11 Horse Collar
30:33 Bow Saw
31:40 Gold Mining
31:59 Heavy Plow
34:38 Wheelbarrow
35:58 Scale Barding Armor
36:50 Iron Casting
39:30 Husbandry
40:37 Chain Barding Armor
42:20 Bloodlines
47:02 Imperial Age
45:34 Hand Cart
45:04 Town Watch
45:17 Bodkin Arrow
48:04 Ballistics
48:00 Caravan
48:59 Conscription
51:30 Plate Barding Armor
51:01 Heavy Scorpion
52:50 Chemistry
56:10 Blast Furnace
54:39 Light Cavalry
55:22 Bracer
56:34 Man-at-Arms
56:38 Hussar
BARAKA wins!
4:36 Loom
8:42 Loom
12:16 Feudal Age
15:42 Castle Age
14:24 Double-Bit Axe
16:14 Gold Mining
24:54 Bloodlines
38:37 Horse Collar
44:31 Wheelbarrow
46:40 Bow Saw
52:00 Light Cavalry
52:41 Husbandry
53:38 Hand Cart
58:13 Scale Barding Armor
59:23 Chain Barding Armor
59:54 Forging
61:50 Iron Casting
|WolkF|
8:47 Loom
13:27 Feudal Age
18:36 Castle Age
16:45 Gold Mining
17:37 Scale Barding Armor
17:44 Forging
17:42 Scale Mail Armor
17:30 Arson
17:36 Double-Bit Axe
20:01 Iron Casting
23:36 Wheelbarrow
28:16 Horse Collar
33:34 Bow Saw
33:35 Heavy Plow
33:06 Pikeman
37:33 Fletching
40:06 Hand Cart
40:08 Bodkin Arrow
40:34 Padded Archer Armor
41:04 Ballistics
40:08 Crossbowman
51:53 Imperial Age
49:41 Leather Archer Armor
49:33 Thumb Ring
52:04 Halberdier
52:06 Elite Varangian Guard
53:04 Chain Mail Armor
55:13 Squires
54:58 Gambesons
56:36 Town Watch
62:00 Plate Mail Armor
Marta
9:21 Loom
13:28 Feudal Age
14:20 Double-Bit Axe
17:04 Fletching
18:07 Padded Archer Armor
26:29 Castle Age
25:29 Bloodlines
28:14 Bodkin Arrow
30:49 Husbandry
33:26 Bow Saw
34:29 Ballistics
34:54 Leather Archer Armor
40:36 Wheelbarrow
39:46 Town Watch
41:26 Thumb Ring
45:56 Imperial Age
45:08 Hand Cart
46:30 Elite Mangudai
47:16 Bracer
48:43 Gold Mining
48:44 Stone Mining
50:28 Chemistry
52:56 Hoardings
53:22 Light Cavalry
54:08 Scale Barding Armor
54:13 Forging
54:13 Hussar
55:14 Chain Barding Armor
57:54 Conscription
Tin's
7:46 Loom
14:41 Feudal Age
15:43 Double-Bit Axe
25:40 Castle Age
34:19 Padded Archer Armor
35:09 Wheelbarrow
37:01 Fletching
37:50 Bodkin Arrow
38:10 Leather Archer Armor
38:07 Forging
39:28 Bow Saw
39:07 Horse Collar
45:09 Imperial Age
43:35 Gold Mining
43:35 Stone Mining
44:09 Scale Barding Armor
44:39 Iron Casting
44:16 Steppe Husbandry
44:47 Heavy Plow
45:51 Onager
47:20 Conscription
47:38 Chain Barding Armor
49:13 Gold Shaft Mining
50:40 Plate Barding Armor
51:05 Blast Furnace
49:54 Elite Steppe Lancer
50:45 Bloodlines
54:03 Cavalier
55:43 Ring Archer Armor
54:38 Capped Ram
56:27 Guilds
55:48 Paladin
58:12 Crop Rotation
63:27 Hand Cart
Manee
10:34 Loom
12:33 Feudal Age
18:45 Castle Age
18:31 Double-Bit Axe
19:05 Forging
19:05 Eagle Warrior
21:27 Squires
24:07 Scale Mail Armor
29:39 Wheelbarrow
30:02 Chain Mail Armor
31:11 Gold Mining
32:41 Bow Saw
32:18 Horse Collar
35:27 Iron Casting
35:37 Hand Cart
36:11 Fletching
37:28 Heavy Plow
41:33 Imperial Age
39:48 Bodkin Arrow
42:20 Bracer
43:21 Blast Furnace
42:53 Conscription
43:04 Holcans
44:15 Plate Mail Armor
43:35 Elite Eagle Warrior
43:48 Elite Plumed Archer
45:16 Ballistics
46:33 Padded Archer Armor
45:59 Pikeman
47:30 Leather Archer Armor
47:12 Town Watch
54:42 Ring Archer Armor
54:17 Halberdier
58:49 Chemistry
Connection lost

Rejoining the realm…

Still unreachable

The connection could not be restored.

Session expired

The server has moved on; the page needs a fresh start.